 Seeded DCSS version 0.26.1-11-gd32895ea62 (webtiles) character file.

Game seed: 13435453013147752700 (custom seed)

6680 wilfster70 the Frost Mage (level 11, -4/81 HPs)
             Began as a Gnoll Ice Elementalist on Apr 28, 2021.
             Was a Believer of Ashenzari.
             Slain by an unseen horror (10 damage)
             ... on level 10 of the Dungeon.
             The game lasted 00:21:15 (9709 turns).

wilfster70 the Frost Mage (Gnoll Ice Elementalist)  Turns: 9709, Time: 00:21:16

Health: -4/81      AC:  5    Str: 11    XL:     11   Next: 3%
Magic:  22/22      EV: 17    Int: 23    God:    Ashenzari [**....]
Gold:   678        SH:  0    Dex: 16    Spells: 14/25 levels left

rFire    + . .     SeeInvis .   a - +9 falchion "Bisade" {vorpal, rElec Int+3} (curse)
rCold    . . .     Faith    .   (no shield)
rNeg     . . .     Spirit   .   C - +2 leather armour {rF+}
rPois    .         Reflect  .   (no helmet)
rElec    +         Harm     .   (no cloak)
rCorr    .         Rampage  .   (no gloves)
Will     .....                  (no boots)
Stlth    ++++......             (no amulet)
HPRegen  0.23/turn              x - ring of stealth
MPRegen  0.18/turn              (no ring)

@: studying Maces & Flails
A: distributed training, fangs 1, strong nose
a: Renounce Religion, Curse Item, Scrying


You were on level 10 of the Dungeon.
You worshipped Ashenzari.
Ashenzari was pleased with you.
You visited 1 branch of the dungeon, and saw 10 of its levels.

You collected 678 gold pieces.

Inventory:

Hand Weapons
 a - the cursed +9 falchion "Bisade" (weapon) {vorpal, rElec Int+3}
   (You found it on level 6 of the Dungeon)

   It inflicts extra damage upon your enemies.
   It affects your intelligence (+3).
   It insulates you from electricity.
   It has a curse placed upon it.
Missiles
 m - 24 poisoned darts (quivered)
Armour
 C - a +2 leather armour of fire resistance (worn)
Jewellery
 f - an uncursed ring of protection from fire
 x - a ring of stealth (left hand)
 A - an uncursed amulet of reflection
Wands
 t - a wand of random effects (9)
 E - a wand of polymorph (4)
 F - a wand of acid (6)
Scrolls
 b - 4 scrolls of teleportation {unknown}
 h - a scroll of enchant weapon {unknown}
 i - 3 scrolls of amnesia
 k - 3 scrolls of random uselessness {unknown}
 l - 2 scrolls of fear {unknown}
 n - 3 scrolls of magic mapping {unknown}
 r - 5 scrolls of identify
 u - 3 scrolls of blinking {unknown}
 v - 5 scrolls of remove curse
 w - 2 scrolls of immolation {unknown}
 y - a scroll of fog {unknown}
Potions
 c - 3 potions of heal wounds {unknown}
 d - 3 potions of haste {unknown}
 e - 4 potions of might
 g - a potion of mutation {unknown}
 j - 2 potions of flight {unknown}
 o - 5 potions of degeneration {unknown}
 p - a potion of lignification {unknown}
 q - a potion of cancellation {unknown}
 s - 2 potions of brilliance {unknown}
 z - 3 potions of curing {unknown}
 B - 2 potions of invisibility {unknown}
 D - a potion of ambrosia {unknown}
Books
 G - a manual of Maces & Flails


   Skills:
 + Level 5.8 Fighting
 + Level 5.8 Short Blades
 + Level 5.8(8.1) Long Blades
 + Level 5.8 Axes
 + Level 6.1 Maces & Flails
 + Level 5.8 Polearms
 + Level 5.8 Staves
 + Level 5.8 Slings
 + Level 5.8 Bows
 + Level 5.8 Crossbows
 + Level 5.8 Throwing
 + Level 5.8 Armour
 + Level 7.5 Dodging
 + Level 7.3 Stealth
 + Level 5.8 Shields
 + Level 5.8 Unarmed Combat
 + Level 7.8 Spellcasting
 + Level 4.8 Conjurations
 + Level 4.8 Hexes
 + Level 4.8 Summonings
 + Level 4.8 Necromancy
 + Level 4.8 Translocations
 + Level 4.8 Transmutations
 + Level 4.8 Fire Magic
 + Level 8.7 Ice Magic
 + Level 4.8 Air Magic
 + Level 4.8 Earth Magic
 + Level 4.8 Poison Magic
 + Level 6.4 Invocations
 + Level 5.8 Evocations


You had 14 spell levels left.
You knew the following spells:

 Your Spells              Type           Power        Failure   Level
a - Freeze                Ice            100%         1%          1
b - Frozen Ramparts       Ice            98%          1%          3
c - Ozocubu's Armour      Ice            49%          1%          3
d - Summon Ice Beast      Ice/Summ       40%          5%          4

Your spell library contained the following spells:

 Spells                   Type           Power        Failure   Level
 Magic Dart               Conj           100%         1%          1
 Blink                    Tloc           N/A          1%          2
 Call Imp                 Summ           31%          1%          2
 Slow                     Hex            31%          1%          2
 Conjure Flame            Conj/Fire      31%          3%          3
 Mephitic Cloud           Conj/Pois/Air  31%          3%          3
 Hailstorm                Conj/Ice       40%          5%          4


Dungeon Overview and Level Annotations

Branches:
Dungeon (10/15)            Temple (0/1) D:6
   Lair: D:8-11         Orc: D:9-12

Altars:
Ashenzari
Hepliaklqana
Nemelex Xobeh
Okawaru

Shops:
D:8 :

Annotations:
D:6 2 transporters, ZZKoverts's ghost, novice VSFi


Innate Abilities, Weirdness & Mutations

Your experience applies equally to all skills.
You have very sharp teeth.
Your uncanny sense of smell can sniff out nearby items.


Message History

* * * LOW HITPOINT WARNING * * *
Okay, then.
Unknown command.
As you read the scroll labelled FODILU NOIKU, it crumbles to dust.
It is a scroll of identify.
i - 3 scrolls of amnesia;
r - 5 scrolls of identify
j - 2 sedimented orange potions You miss something.
Something closely misses you. Something hits you.
* * * LOW HITPOINT WARNING * * *
You miss something. Something hits you.
* * * LOW HITPOINT WARNING * * *
Aiming: Corrosive Bolt
Press: ? - help, Shift-Dir - straight line Something hits you.
* * * LOW HITPOINT WARNING * * *
You slash something! You bite something. Something hits you!
* * * LOW HITPOINT WARNING * * *
Something barely misses you.
You miss something. Something hits you!
You die...

#.#####'#####.. ,
#)#.........#,
..,* *
#.#.........# ...
,
#)#.........+....
,
#.###########....
,
#...>....^.......
*
#....[...........
,
#................
,
#.......@........
, ,,
#.......{.....###
* #.......####..#
#.......# .# ,
#.......# * #
######### ,,* *,


There were no monsters in sight!

Vanquished Creatures
  2 two-headed ogres
  10 yaks
  Eustachio (D:5)
  Menkaure (D:6)
  A water moccasin (D:9)
  An ice beast (D:5)
  2 black bears (D:10)
  A sky beast (D:8)
  3 orc warriors
  A phantom (D:7)
  3 ogres
  An eye of draining (D:10)
  2 centaurs
  2 big kobolds (D:7)
  5 bullfrogs
  6 killer bees (D:4)
  5 scorpions
  7 wights
  3 howler monkeys
  A bullfrog zombie (D:9)
  A quasit (D:9)
  A hound (D:5)
  2 jellies
  A centaur skeleton (D:4)
  9 orc priests
  4 orc wizards
  2 bullfrog skeletons
  Ijyb (D:3)
  3 worker ants
  A hound skeleton (D:4)
  A worker ant zombie (D:10)
  3 gnolls (D:3)
  A howler monkey skeleton (D:9)
  13 adders
  3 white imps
  An ufetubus (D:10)
  2 adder skeletons
  2 worms
  2 dart slugs (D:2)
  3 leopard geckos
  22 orcs
  3 ball pythons
  5 bats
  4 giant cockroaches
  5 goblins
  4 hobgoblins
  13 jackals
  16 kobolds
  4 quokkas
  5 frilled lizards
  7 rats
202 creatures vanquished.

Vanquished Creatures (others)
  4 fungi (D:10)
  6 plants (D:10)
10 creatures vanquished.

Grand Total: 212 creatures vanquished

Notes
Turn   | Place    | Note
-------+----------+-------------------------------------------
     0 | D:1      | wilfster70 the Gnoll Ice Elementalist began the quest for
                  | the Orb.
     0 | D:1      | Reached XP level 1. HP: 13/13 MP: 6/6
    88 | D:1      | Found a broken altar of Ashenzari.
    92 | D:1      | Became a worshipper of Ashenzari the Shackled
   325 | D:1      | Reached XP level 2. HP: 19/19 MP: 7/7
   756 | D:1      | Reached XP level 3. HP: 18/25 MP: 5/9
   760 | D:1      | Learned a level 3 spell: Frozen Ramparts
   764 | D:1      | Learned a level 3 spell: Ozocubu's Armour
   862 | D:2      | Reached skill level 5 in Spellcasting
   987 | D:2      | Reached skill level 1 in Invocations
  1078 | D:2      | Reached skill level 1 in Fighting
  1078 | D:2      | Reached skill level 1 in Short Blades
  1078 | D:2      | Reached skill level 1 in Long Blades
  1078 | D:2      | Reached skill level 1 in Axes
  1078 | D:2      | Reached skill level 1 in Maces & Flails
  1078 | D:2      | Reached skill level 1 in Polearms
  1078 | D:2      | Reached skill level 1 in Staves
  1078 | D:2      | Reached skill level 1 in Slings
  1078 | D:2      | Reached skill level 1 in Bows
  1078 | D:2      | Reached skill level 1 in Crossbows
  1078 | D:2      | Reached skill level 1 in Throwing
  1078 | D:2      | Reached skill level 1 in Armour
  1078 | D:2      | Reached skill level 1 in Shields
  1078 | D:2      | Reached skill level 1 in Unarmed Combat
  1078 | D:2      | Reached skill level 1 in Evocations
  1165 | D:2      | Reached XP level 4. HP: 32/32 MP: 7/11
  1623 | D:3      | Reached skill level 1 in Conjurations
  1623 | D:3      | Reached skill level 1 in Hexes
  1623 | D:3      | Reached skill level 1 in Summonings
  1623 | D:3      | Reached skill level 1 in Necromancy
  1623 | D:3      | Reached skill level 1 in Translocations
  1623 | D:3      | Reached skill level 1 in Transmutations
  1623 | D:3      | Reached skill level 1 in Fire Magic
  1623 | D:3      | Reached skill level 1 in Air Magic
  1623 | D:3      | Reached skill level 1 in Earth Magic
  1623 | D:3      | Reached skill level 1 in Poison Magic
  1830 | D:3      | Found a sparkling altar of Nemelex Xobeh.
  1934 | D:3      | Reached XP level 5. HP: 37/37 MP: 8/12
  1971 | D:3      | Noticed Ijyb
  1984 | D:3      | Killed Ijyb
  2341 | D:4      | Found an iron altar of Okawaru.
  2362 | D:4      | Reached XP level 6. HP: 28/44 MP: 7/13
  2368 | D:4      | Found a hazy altar of Hepliaklqana.
  2588 | D:4      | Reached skill level 5 in Dodging
  2591 | D:4      | Reached XP level 7. HP: 24/51 MP: 11/15
  2952 | D:4      | Reached * piety under Ashenzari
  2964 | D:4      | Reached skill level 5 in Stealth
  3893 | D:5      | Entered Level 5 of the Dungeon
  3963 | D:5      | Noticed Eustachio
  3996 | D:5      | Reached XP level 8. HP: 40/57 MP: 12/16
  4120 | D:6      | Got the falchion "Bisade" {vorpal, rElec Int+3}
  4142 | D:5      | Identified the +9 falchion "Bisade" {vorpal, rElec Int+3}
                  | (You found it on level 6 of the Dungeon)
  4449 | D:5      | Killed Eustachio
  4658 | D:6      | Noticed a wraith
  4862 | D:6      | Found a transporter.
  4862 | D:6      | Noticed ZZKoverts's ghost (novice VSFi)
  4876 | D:6      | Found a transporter.
  4956 | D:6      | Found a staircase to the Ecumenical Temple.
  5241 | D:6      | Noticed Menkaure
  5246 | D:6      | Killed Menkaure
  5352 | D:6      | Reached ** piety under Ashenzari
  5602 | D:7      | Reached XP level 9. HP: 49/65 MP: 14/18
  6088 | D:7      | Reached skill level 8 in Ice Magic
  6942 | D:8      | Identified the +1 robe "Umacvyng" {Rampage rN+ Str+3}
  7091 | D:8      | Found Xopteit's Book Boutique.
  7682 | D:9      | Reached skill level 5 in Invocations
  7686 | D:9      | Reached XP level 10. HP: 23/73 MP: 17/20
  8037 | D:9      | Learned a level 4 spell: Summon Ice Beast
  8089 | D:9      | Reached skill level 5 in Fighting
  8089 | D:9      | Reached skill level 5 in Short Blades
  8089 | D:9      | Reached skill level 5 in Long Blades
  8089 | D:9      | Reached skill level 5 in Axes
  8089 | D:9      | Reached skill level 5 in Maces & Flails
  8089 | D:9      | Reached skill level 5 in Polearms
  8089 | D:9      | Reached skill level 5 in Staves
  8089 | D:9      | Reached skill level 5 in Slings
  8089 | D:9      | Reached skill level 5 in Bows
  8089 | D:9      | Reached skill level 5 in Crossbows
  8089 | D:9      | Reached skill level 5 in Throwing
  8089 | D:9      | Reached skill level 5 in Armour
  8089 | D:9      | Reached skill level 5 in Shields
  8089 | D:9      | Reached skill level 5 in Unarmed Combat
  8089 | D:9      | Reached skill level 5 in Evocations
  8439 | D:9      | Noticed a two-headed ogre
  8455 | D:9      | Killed a two-headed ogre
  8664 | D:10     | Entered Level 10 of the Dungeon
  9346 | D:10     | Noticed a two-headed ogre
  9419 | D:10     | Killed a two-headed ogre
  9420 | D:10     | Reached XP level 11. HP: 81/81 MP: 18/22
  9709 | D:10     | Slain by an unseen horror

Illustrated notes

Levels and vault maps discovered:
D:1:      giann_forest_graveyard, layout_rooms, serial_curves, eino_curves_03,
          eino_curves_03, hangedman_abyss_or_decor_stabs,
          nicolae_ashenzari_panopticon
D:2:      layout_rooms
D:3:      layout_basic, chequers_decorated_corner, nemelex_spade_bored_becter,
          uniq_ijyb
D:4:      layout_loops_ring, nicolae_overflow_hidden_temple, okawaru_gym_becter
D:5:      layout_rooms, uniq_eustachio
D:6:      layout_loops_ring, minmay_temple_entry_sparse_star,
          gammafunk_ghost_mausoleum, uniq_menkaure
D:7:      layout_basic
D:8:      layout_loops_corners, serial_shops,
          nicolae_shop_temple_entry_statues_fountains
D:9:      layout_basic, serial_curves, eino_curves_02, eino_curves_01
D:10:     layout_irregular_city, grunt_lair_entry_orc_guard_hut

Skill      XL: |  1  2  3  4  5  6  7  8  9 10 |
---------------+-------------------------------+-----
Spellcasting   | 5 6 7 |  7.8
Invocations    | 1 2 3 4 5 6 |  6.4
Fighting       | 1 2 3 4 5 |  5.8
Short Blades   | 1 2 3 4 5 |  5.8
Long Blades    | 1 2 3 4 5 |  5.8
Axes           | 1 2 3 4 5 |  5.8
Maces & Flails | 1 2 3 4 6 |  6.1
Polearms       | 1 2 3 4 5 |  5.8
Staves         | 1 2 3 4 5 |  5.8
Slings         | 1 2 3 4 5 |  5.8
Bows           | 1 2 3 4 5 |  5.8
Crossbows      | 1 2 3 4 5 |  5.8
Throwing       | 1 2 3 4 5 |  5.8
Armour         | 1 2 3 4 5 |  5.8
Shields        | 1 2 3 4 5 |  5.8
Unarmed Combat | 1 2 3 4 5 |  5.8
Evocations     | 1 2 3 4 5 |  5.8
Conjurations   | 1 2 3 4 |  4.8
Hexes          | 1 2 3 4 |  4.8
Summonings     | 1 2 3 4 |  4.8
Necromancy     | 1 2 3 4 |  4.8
Translocations | 1 2 3 4 |  4.8
Transmutations | 1 2 3 4 |  4.8
Fire Magic     | 1 2 3 4 |  4.8
Air Magic      | 1 2 3 4 |  4.8
Earth Magic    | 1 2 3 4 |  4.8
Poison Magic   | 1 2 3 4 |  4.8
Dodging        | 5 6 7 |  7.5
Stealth        | 5 6 7 |  7.3
Ice Magic      | 8 |  8.7

Action                   |  1- 3 |  4- 6 |  7- 9 | 10-12 || total
-------------------------+-------+-------+-------+-------++-------
Melee: Short sword       |    49 |    30 |       |       ||    79
       Bite              |     1 |     9 |    19 |    11 ||    40
       Punch             |     1 |       |     3 |     4 ||     8
       Spear             |       |    40 |    68 |       ||   108
       Falchion          |       |       |   141 |    87 ||   228
Throw: Dart              |       |       |       |     9 ||     9
 Cast: Freeze            |    20 |       |       |       ||    20
       Frozen Ramparts   |     2 |    14 |    25 |    13 ||    54
       Ozocubu's Armour  |       |       |     1 |     1 ||     2
Invok: Curse Item        |       |       |     1 |       ||     1
Evoke: Wand              |       |     4 |       |     2 ||     6
  Use: Potion            |     1 |       |       |       ||     1
       Scroll            |       |       |       |     1 ||     1
 Stab: Sleeping          |     4 |     3 |    14 |     4 ||    25
       Paralysed         |       |     3 |       |       ||     3
Armor: Leather armour    |     6 |     9 |    32 |    16 ||    63
Dodge: Dodged            |    48 |    44 |   131 |    71 ||   294
       Rpst.: Falchion   |       |       |    24 |    17 ||    41
